 Dungeon Crawl Stone Soup version 0.24-a0-537-g2d01d4ab0a (webtiles) character file.

Game seed: 8084156144156460462

17 Chiseanne the Magician (level 2, 0/19 HPs)
             Began as a Demonspawn Wizard on Aug 14, 2019.
             Slain by a rat (1 damage)
             ... on level 1 of the Dungeon.
             The game lasted 00:01:31 (455 turns).

Chiseanne the Magician (Demonspawn Wizard)           Turns: 455, Time: 00:01:32

Health: 0/19       AC:  2    Str:  7    XL:     2   Next: 44%
Magic:  1/6        EV: 12    Int: 19    God:
Gold:   10         SH:  0    Dex: 11    Spells: 6/7 levels left

rFire    . . .     SeeInvis .   g - +0 club
rCold    . . .     Gourm    .   (no shield)
rNeg     . . .     Faith    .   a - +0 robe
rPois    .         Spirit   .   b - +0 hat
rElec    .         Reflect  .   (no cloak)
rCorr    .         Harm     .   (no gloves)
MR       .....                  (no boots)
Stlth    ++........             (no amulet)
HPRegen  0.06/turn              (no ring)
MPRegen  0.10/turn              (no ring)

@: no status effects
A: powered by death 1
a: no special abilities


You were on level 1 of the Dungeon.
You were not hungry.

You visited 1 branch of the dungeon, and saw 1 of its levels.

You collected 10 gold pieces.

Inventory:

Hand Weapons
 g - a +0 club (weapon)
Missiles
 c - 25 sling bullets
 e - 16 bolts
 h - 28 stones (quivered)
Armour
 a - a +0 robe (worn)
 b - a +0 hat (worn)
Jewellery
 f - an uncursed ring of poison resistance {unknown}
Comestibles
 d - 2 rations


   Skills:
 - Level 1.7 Dodging
 - Level 1.7 Stealth
 * Level 3.3 Spellcasting
 * Level 1.9 Conjurations
   Level 1.0 Summonings
   Level 0.8 Translocations


You had 6 spell levels left.
You knew the following spells:

 Your Spells              Type           Power        Failure   Level  Hunger
a - Magic Dart            Conj           ##..         7%          1    None

Your spell library contained the following spells:

 Spells                   Type           Power        Failure   Level  Hunger
 Call Imp                 Summ           #.......     14%         2    ##.....
 Blink                    Tloc           N/A          16%         2    ##.....
 Slow                     Hex            #.......     22%         2    ##.....
 Conjure Flame            Conj/Fire      #.......     30%         3    ###....
 Mephitic Cloud           Conj/Pois/Air  #.......     34%         3    ###....


Dungeon Overview and Level Annotations

Branches:
Dungeon (1/15)

Altars:


Innate Abilities, Weirdness & Mutations

You regenerate a little health from kills.


Message History

Press: ? - help, Shift-Dir - straight line, f/p - jackal
Aim: a jackal (severely wounded)
The magic dart hits the jackal.
You kill the jackal!
You closely miss the rat. The rat closely misses you.
The rat bites you but does no damage.
You closely miss the rat. The rat bites you.
* * * LOW HITPOINT WARNING * * *
You hit the rat but do no damage. The rat bites you but does no damage.
You hit the rat but do no damage. The rat bites you.
* * * LOW HITPOINT WARNING * * *
You hit the rat but do no damage. The rat barely misses you. The rat bites you.
* * * LOW HITPOINT WARNING * * *
You aren't carrying any potions.
Unknown command.
As you read the scroll labeled TUZXUB LEM NOR, it crumbles to dust.
The creatures around you are filled with an inner flame!
It was a scroll of immolation.
The rat completely misses you.
You hit the rat but do no damage. The rat bites you.
You die...

#.# ..# # #.# .. ...
.### #.# b..##.# #
#..#.#
.#.#.###.#.###########
...........@rrK.......
#[#.....#.#####$.....
#####.#.# ..... #...#
.... #...# ).. #...#
K. ##..# . ##.## ....
#..# ...


You could see a kobold (inner flame) and 2 rats.

Vanquished Creatures
  2 leopard geckos (D:1)
  3 goblins (D:1)
  A hobgoblin (D:1)
  2 jackals (D:1)
  2 bats (D:1)
  A frilled lizard (D:1)
  3 kobolds (D:1)
14 creatures vanquished.

Notes
Turn   | Place    | Note
-------+----------+-------------------------------------------
     0 | D:1      | Chiseanne the Demonspawn Wizard began the quest for the
                  | Orb.
     0 | D:1      | Reached XP level 1. HP: 13/13 MP: 4/4
   264 | D:1      | Gained mutation: You regenerate a little health from kills.
                  | [demonic ancestry]
   264 | D:1      | Reached XP level 2. HP: 19/19 MP: 3/6
   455 | D:1      | Slain by a rat

Levels and vault maps discovered:
D:1:      giann_bridges, layout_basic

Action                   || total
-------------------------++-------
Melee: Unarmed           ||     2
       Club              ||    35
 Cast: Magic Dart        ||    31
  Use: Scroll            ||     1
Armor: Robe              ||    12
Dodge: Dodged            ||    39

Table legend:
 A = Non-vault XP
 B = Vault XP
 C = Vault XP percentage of total XP
 D = Non-vault monster count
 E = Vault monster count
 F = Vault count percentage of total count
                 A         B        C        D         E       F
            +---------+---------+-------+---------+---------+-------
      Total |      25 |       0 |   0.0 |      14 |       0 |   0.0
            +---------+---------+-------+---------+---------+-------
        D:1 |      25 |       0 |   0.0 |      14 |       0 |   0.0
            +---------+---------+-------+---------+---------+-------
